 Dungeon Crawl Stone Soup version 0.27-a0-1325-g58a489ad9e (webtiles) character file.

Game seed: 9137572397607336077

9 ipx the Firebug (level 2, 0/15 HPs)
             Began as a Deep Elf Fire Elementalist on June 25, 2021.
             Slain by a bat (1 damage)
             ... on level 2 of the Dungeon.
             The game lasted 00:03:41 (259 turns).

ipx the Firebug (Deep Elf Fire Elementalist)         Turns: 259, Time: 00:03:41

Health: 0/15       AC:  3    Str:  5    XL:     2   Next: 3%
Magic:  7/8        EV: 12    Int: 19    God:
Gold:   60         SH:  0    Dex: 15    Spells: 6/7 levels left

rFire    + . .     SeeInvis .   (no weapon)
rCold    x . .     Faith    .   (no shield)
rNeg     . . .     Spirit   .   a - +0 robe
rPois    .         Reflect  .   (no helmet)
rElec    .         Harm     .   (no cloak)
rCorr    .         Rampage  +   (no gloves)
Will     .....                  c - +0 pair of boots {rampage}
Stlth    ++........             (no amulet)
HPRegen  0.05/turn              F - ring of fire
MPRegen  0.11/turn              (no ring)

@: no status effects
A: no striking features
a: no special abilities


You were on level 2 of the Dungeon.
You visited 1 branch of the dungeon, and saw 2 of its levels.

You collected 60 gold pieces.

Inventory:

Armour
 a - a +0 robe (worn)
 c - a +0 pair of boots of rampaging (worn)
Jewellery
 F - a ring of fire (left hand)
Scrolls
 d - a scroll of brand weapon
Potions
 f - a potion of haste {unknown}


   Skills:
 - Level 2.4 Dodging
 - Level 2.4 Stealth
 - Level 3.0 Spellcasting
 * Level 2.0 Conjurations
 + Level 3.5 Fire Magic


You had 6 spell levels left.
You knew the following spells:

 Your Spells              Type           Power      Damage    Failure   Level
x - Foxfire               Conj/Fire      80%        2x1d8     4%          1

Your spell library contained the following spells:

 Spells                   Type           Power      Damage    Failure   Level
 Conjure Flame            Conj/Fire      20%        6-21      14%         3
 Inner Flame              Hex/Fire       14%        N/A       22%         3
 Sticky Flame             Conj/Fire      20%        2d4       43%         4
 Fireball                 Conj/Fire      10%        3d6       80%         5


Dungeon Overview and Level Annotations

Branches:
Dungeon (2/15)

Altars:


Message History

The frilled lizard hisses angrily.
The gnoll shouts! x2
The ball python hisses angrily.
The ball python bites you but does no damage.
The ball python grabs you. The ball python constricts you.
The gnoll shouts!
The jackal barks!
You hear a bark!
You escape the ball python's grasp. 2 jackals come into view.
The jackal barks!
The bat closely misses you. The bat hits you. The ball python bites you.
The ball python grabs you. The ball python constricts you.
You escape the ball python's grasp.
The bat hits you but does no damage. The bat barely misses you.
As you read the scroll labelled YHOATURCHIM, it crumbles to dust.
It is a scroll of identify.
d - a scroll of brand weapon The bat closely misses you.
As you read the scroll labelled BAUWUI GISH, it crumbles to dust.
You assume a fearsome visage.
The ball python looks frightened!
The jackal looks frightened! x3; The bat looks frightened!
It was a scroll of fear.
Cornered, the bat turns to fight!
The bat barely misses you.
Cornered, the ball python turns to fight!
Okay, then.
Okay, then.
Unknown command.
Okay, then.
Unknown command.
You barely miss the bat. The bat barely misses you.
The gnoll barely misses you.
You closely miss the bat. The bat hits you but does no damage.
The bat hits you. The gnoll barely misses you.
You hit the bat but do no damage. The bat closely misses you.
The gnoll hits you from afar with a +0 spear.
The bat closely misses you.
You hit the bat but do no damage. The bat barely misses you.
The gnoll hits you from afar with a +0 spear!
Ouch! That really hurt!
* * * LOW HITPOINT WARNING * * *
You hit the bat but do no damage. The bat hits you.
You die...

##.....#.. h..
#........ ....
#.......##h...
#...........
###.......#
##.......g###
....g...g.gS#
.#..g.....#b#
...#.##+###@#
.# # ###


You could see 2 gnolls, a bat and a ball python.

Vanquished Creatures
  A giant cockroach (D:1)
  2 goblins (D:1)
  A bat (D:1)
  A frilled lizard (D:1)
  2 kobolds (D:1)
  3 rats (D:1)
10 creatures vanquished.

Vanquished Creatures (others)
  22 foxfires (D:1)
22 creatures vanquished.

Grand Total: 32 creatures vanquished

Notes
Turn   | Place    | Note
-------+----------+-------------------------------------------
     0 | D:1      | ipx the Deep Elf Fire Elementalist began the quest for the
                  | Orb.
     0 | D:1      | Reached XP level 1. HP: 10/10 MP: 6/6
   234 | D:1      | Reached XP level 2. HP: 15/15 MP: 5/8
   259 | D:2      | Slain by a bat

Illustrated notes

Levels and vault maps discovered:
D:1:      dpeg_arrival_windows_large_door, layout_loops_cross, st_stairs_9
D:2:      layout_rooms, hellmonk_ecumenical_altar_slurped_away,
          lightli_corner_chamber

Skill      XL: |  1 |
---------------+----+-----
Conjurations   | 2 |  2.0
Dodging        | |  2.4
Stealth        | |  2.4
Spellcasting   | |  3.0
Fire Magic     | |  3.5

Action                   || total
-------------------------++-------
Melee: Unarmed           ||     5
 Cast: Foxfire           ||    13
  Use: Scroll            ||     2
Armor: Robe              ||     3
Dodge: Dodged            ||    10

Table legend: (Time is in decaauts)
 A = Elapsed time spent in this place.
 B = Non-inter-level travel time spent in this place.
 C = Inter-level travel time spent in this place.
 D = Time resting spent in this place.
 E = Time spent auto-exploring this place.
 F = Levels seen in this place.
 G = Mean time per level.
                   A        B        C        D        E       F      G
               +--------+--------+--------+--------+--------+-----+--------+
         Total |    258 |    258 |      0 |      0 |      0 |   2 |  129.0 |
       Dungeon |    258 |    258 |      0 |      0 |      0 |   2 |  129.0 |
               +--------+--------+--------+--------+--------+-----+--------+

Top non-repeatable levels by time:
     D:1: 246 daAuts
     D:2: 11 daAuts
